 Dungeon Crawl Stone Soup version 0.21-a0-529-g8c7b3f5 (webtiles) character file.

6 Amnesiac the Vexing (level 1, 0/19 HPs)
             Began as an Ogre Arcane Marksman on Dec 11, 2017.
             Slain by a leopard gecko (2 damage)
             ... on level 1 of the Dungeon.
             The game lasted 00:01:25 (295 turns).

Amnesiac the Vexing (Ogre Arcane Marksman)           Turns: 295, Time: 00:01:26

Health: 0/19       AC:  3    Str: 13    XL:     1   Next: 90%
Magic:  1/3        EV: 10    Int: 14    God:
Gold:   39         SH:  0    Dex:  9    Spells: 3/4 levels left

rFire    . . .     SeeInvis .   (no weapon)
rCold    . . .     Gourm    .   (no shield)
rNeg     . . .     Faith    .   a - +0 robe
rPois    .         Spirit   .   (helmet restricted)
rElec    .         Reflect  .   (no cloak)
rCorr    .         Harm     .   (gloves unavailable)
MR       .....                  (boots unavailable)
Stlth    +.........             (no amulet)
HPRegen  0.06/turn              (no ring)
MPRegen  0.08/turn              (no ring)

@: no status effects
A: large, unfitting armour, tough skin 1
a: no special abilities


You were on level 1 of the Dungeon.
You were not hungry.

You visited 1 branch of the dungeon, and saw 1 of its levels.

You collected 39 gold pieces.

Inventory:

Armour
 a - a +0 robe (worn)
Books
 b - a book of Debilitation

   Spells                             Type                      Level
   a - Corona                         Hexes                        1
   b - Slow                           Hexes                        2
   c - Inner Flame                    Hexes/Fire                   3
   d - Portal Projectile              Hexes/Translocation          3
   e - Cause Fear                     Hexes                        4
   f - Leda's Liquefaction            Hexes/Earth                  4
Comestibles
 f - a bread ration
 g - 3 chunks of flesh


   Skills:
 - Level 1.3 Fighting
 - Level 2.0 Throwing
 - Level 1.7 Dodging
 + Level 2.1 Spellcasting
 - Level 2.6 Hexes


You had 3 spell levels left.
You knew the following spells:

 Your Spells              Type           Power        Failure   Level  Hunger
a - Corona                Hex            #......      8%          1    #......


Dungeon Overview and Level Annotations

Branches:
Dungeon (1/15)

Altars:

Annotations:
D:1 exclusion: jackal


Innate Abilities, Weirdness & Mutations

You are too large for most types of armour.
You have tough skin. (AC +1)


Message History

The leopard gecko hisses menacingly.
The leopard gecko bites you.
* * * LOW HITPOINT WARNING * * *
Casting: Corona
Confirm with . or Enter, or press ? or * to list all spells.
Aiming: Corona
Press: ? - help, Shift-Dir - straight line, f - leopard gecko
Aim: a leopard gecko (chance to defeat MR: 62%)
The leopard gecko struggles to resist.
The leopard gecko barely misses you.
Casting: Corona
Confirm with . or Enter, or press ? or * to list all spells.
Aiming: Corona
Press: ? - help, Shift-Dir - straight line, f/p - leopard gecko
Aim: a leopard gecko (chance to defeat MR: 62%)
The leopard gecko is outlined in light.
The leopard gecko misses you.
Unknown command.
You hit the leopard gecko but do no damage.
The leopard gecko bites you.
* * * LOW HITPOINT WARNING * * *
The leopard gecko completely misses you.
You hit the leopard gecko.
The leopard gecko is moderately wounded.
The leopard gecko completely misses you.
You hit the leopard gecko but do no damage.
The leopard gecko is moderately wounded.
The leopard gecko closely misses you.
You hit the leopard gecko but do no damage.
The leopard gecko is moderately wounded.
The leopard gecko bites you.
* * * LOW HITPOINT WARNING * * *
Throwing (i - inventory):
d - a throwing net (quivered)
Press: ? - help, Shift-Dir - straight line, f/p - leopard gecko
Aim: a leopard gecko (moderately wounded, softly glowing)
You throw a throwing net.
The throwing net hits the leopard gecko.
The leopard gecko is caught in the net!
The leopard gecko is moderately wounded.
The leopard gecko struggles against the net.
You hit the leopard gecko.
The leopard gecko is severely wounded.
The leopard gecko struggles against the net.
You hit the leopard gecko but do no damage.
The leopard gecko is severely wounded.
The leopard gecko struggles against the net.
You hit the leopard gecko but do no damage.
The leopard gecko is severely wounded.
The leopard gecko struggles against the net.
The net rips apart, and the leopard gecko comes free!
The leopard gecko barely misses you.
You hit the leopard gecko but do no damage.
The leopard gecko is severely wounded.
The leopard gecko closely misses you.
You barely miss the leopard gecko.
The leopard gecko is severely wounded.
The leopard gecko stops glowing.
The leopard gecko bites you.
* * * LOW HITPOINT WARNING * * *
You hit the leopard gecko but do no damage.
The leopard gecko is severely wounded.
The leopard gecko bites you.
* * * LOW HITPOINT WARNING * * *
You hit the leopard gecko but do no damage.
The leopard gecko is severely wounded.
The leopard gecko bites you.
You die...

#...........####
###########.# #.# #.# ##
##.## .# #...# ###.#
#...# ....# #...# ....#
#####..@####
...#######......l....#
......(...)†........(..(
....##.##............##(
..#.##.##.#..#...#####
'###########+#...#
.#.#♣♣♣♣♣#.# #...#
............ #...#
..♣..♣.♣..♣ #.#.


You could see a leopard gecko.

Vanquished Creatures
  2 giant cockroaches (D:1)
  A hobgoblin (D:1)
  2 kobolds (D:1)
  A rat (D:1)
6 creatures vanquished.

Notes
Turn   | Place    | Note
-------+----------+-------------------------------------------
     0 | D:1      | Amnesiac the Ogre Arcane Marksman began the quest for the Orb.
     0 | D:1      | Reached XP level 1. HP: 19/19 MP: 2/2
   295 | D:1      | Slain by a leopard gecko

Vault maps used:
D:1:      tarquinn_simple_flora_water_b

Skill      XL: |  1 |
---------------+----+-----
Spellcasting   | 2 |  2.1
Fighting       | |  1.3
Throwing       | |  2.0
Dodging        | |  1.7
Hexes          | |  2.6

Action                   || total
-------------------------++-------
Melee: Unarmed           ||    21
Throw: Large rock        ||     8
       Throwing net      ||     2
 Cast: Corona            ||     4
 Stab: Held in net/web   ||     1
Armor: Robe              ||     3
Dodge: Dodged            ||    13

Table legend:
 A = Spawn XP
 B = Non-spawn XP
 C = Spawn XP percentage of total XP
 D = Spawn monster count
 E = Non-spawn monster count
 F = Spawn count percentage of total count
 G = Total turns spent on level
                    A         B        C        D         E        F      G
               +---------+---------+-------+---------+---------+-------+---------
         Total |       0 |       9 |   0.0 |       0 |       6 |   0.0 |   295
               +---------+---------+-------+---------+---------+-------+---------
           D:1 |       0 |       9 |   0.0 |       0 |       6 |   0.0 |   295
               +---------+---------+-------+---------+---------+-------+---------
